 Dungeon Crawl Stone Soup version 0.29.1-15-g9cfb28693d (console) character file.

Game seed: 14403979136763680725

4 sentinel the Digger (level 2, 15/20 HPs)
             Began as a Meteoran Earth Elementalist on Aug 12, 2023.
             Quit the game on level 1 of the Dungeon.
             The game lasted 00:00:05 (58 turns).

sentinel the Digger (Meteoran Earth Elementalist)     Turns: 58, Time: 00:00:06

Health: 15/20      AC:  2    Str:  9    XL:     2   Next: 0%
Magic:  0/6        EV: 12    Int: 16    God:
Gold:   0          SH:  0    Dex: 14    Spells: 5/6 levels left

rFire   . . .      SeeInvis .   (no weapon)
rCold   . . .      Faith    .   (no shield)
rNeg    . . .      Spirit   .   a - +0 robe
rPois   .          Reflect  .   (no helmet)
rElec   .          Harm     .   (no cloak)
rCorr   .          Rampage  .   (no gloves)
Will    .....                   (no boots)
Stlth   +.........              (no amulet)
HPRegen 0.06/turn               (no ring)
MPRegen 0.10/turn               (no ring)

@: glowing
A: sense surroundings 1, otherworldly, glowing, explore regen
a: no special abilities


You were on level 1 of the Dungeon.
You visited 1 branch of the dungeon, and saw 1 of its levels.

Inventory:

Armour
 a - a +0 robe (worn)
Potions
 b - a potion of magic
 c - a potion of mutation {unknown}


   Skills:
 - Level 2.4 Dodging
 - Level 1.4 Stealth
 - Level 2.6 Spellcasting
 - Level 1.2 Transmutations
 + Level 4.1 Earth Magic


You had 5 spell levels left.
You knew the following spells:

 Your Spells              Type           Power      Damage    Failure   Level
a - Sandblast             Erth           30%        2d9       3%          1

Your spell library contained the following spells:

 Spells                   Type           Power      Damage    Failure   Level
 Passwall                 Tmut/Erth      8%         N/A       10%         2
 Stone Arrow              Conj/Erth      16%        3d8       26%         3
 Petrify                  Tmut/Erth      10%        N/A       54%         4


Dungeon Overview and Level Annotations

Branches:
Dungeon (1/15) Zot: 538

Altars:


Innate Abilities, Weirdness & Mutations

You passively map a small area around you.
You are easily found by Zot.
You glow in the dark.
You regain HP and MP as you explore.


Message History

A giant cockroach comes into view.
The giant cockroach moves out of view.
The blast of sand hits the frilled lizard!
You kill the frilled lizard!
Unknown command.
The blast of sand misses the giant cockroach.
The giant cockroach closely misses you.
The giant cockroach completely misses you.
Unknown command.
The blast of sand hits the giant cockroach but does no damage.
Unknown command.
You are out of magic!
Unknown command.
You closely miss the giant cockroach. The giant cockroach misses you. x2
The giant cockroach bites you but does no damage.
You closely miss the giant cockroach. The giant cockroach barely misses you.
The giant cockroach closely misses you.
You are out of magic!
Unknown command.
You are out of magic!
Unknown command.
You are out of magic!
Unknown command.
You are out of magic!
Unknown command.
You closely miss the giant cockroach.
The giant cockroach completely misses you.
The giant cockroach barely misses you.
You closely miss the giant cockroach.
The giant cockroach barely misses you. x2
The blast of sand hits the giant cockroach.
The giant cockroach is almost dead.
The giant cockroach closely misses you. The giant cockroach misses you.
The giant cockroach closely misses you.
The giant cockroach bites you but does no damage.
Unknown command.
You are out of magic!
Unknown command.
You are out of magic!
Unknown command.
You are out of magic!
Unknown command.
But you're not safe!
Unknown command.
But you're not safe!
Unknown command.
But you're not safe!
Unknown command.
But you're not safe!
Unknown command.
But you're not safe!
Unknown command.
You closely miss the giant cockroach.
The giant cockroach is almost dead.
The giant cockroach misses you. The giant cockroach closely misses you.
You hit the giant cockroach.
You kill the giant cockroach!
The giant cockroach barely misses you.
Your Earth Magic skill increases to level 4!
You have reached level 2!
You are out of magic!
Unknown command.
You are out of magic!
Unknown command.
You are out of magic!
Unknown command.
You completely miss the giant cockroach.
The giant cockroach closely misses you. The giant cockroach bites you.
You hit the giant cockroach but do no damage.
The giant cockroach barely misses you.
You are out of magic!
Unknown command.
You are out of magic!
Unknown command.
You are out of magic!
Unknown command.
You are out of magic!
Unknown command.
You barely miss the giant cockroach.
The giant cockroach bites you but does no damage.
You hit the giant cockroach but do no damage.
The giant cockroach bites you but does no damage.
You are out of magic!
Unknown command.
You are out of magic!
Unknown command.
You are out of magic!
Unknown command.
You are out of magic!
Unknown command.
But you're not safe!
Unknown command.
But you're not safe!
Unknown command.
But you're not safe!
Unknown command.
But you're not safe!
Unknown command.
But you're not safe!
Unknown command.
You barely miss the giant cockroach.
The giant cockroach bites you but does no damage.
You closely miss the giant cockroach. The giant cockroach bites you. x2
You are out of magic!
Unknown command.
You are out of magic!
Unknown command.
You are out of magic!
Unknown command.
You are out of magic!
Unknown command.
You hit the giant cockroach but do no damage.
The giant cockroach waves its antennae.
The giant cockroach closely misses you.
You barely miss the giant cockroach. The giant cockroach closely misses you.
The blast of sand hits the giant cockroach but does no damage.
The giant cockroach bites you. The giant cockroach barely misses you.
Unknown command.
You are out of magic!
Unknown command.
You are out of magic!
Unknown command.
You are out of magic!
Unknown command.
You hit the giant cockroach but do no damage.
The giant cockroach barely misses you.
You hit the giant cockroach but do no damage.
The giant cockroach bites you but does no damage.
You are out of magic!
Unknown command.
You are out of magic!
Unknown command.
You are out of magic!
Unknown command.
You are out of magic!
Unknown command.
But you're not safe!
Unknown command.
But you're not safe!
Unknown command.
But you're not safe!
Unknown command.
But you're not safe!
Unknown command.
But you're not safe!
Unknown command.
Unknown command.
Unknown command.
Unknown command.
Unknown command.
Are you sure you want to abandon this character and quit the game? (Confirm with "yes".)

,, , , #.. * , , *,*
, #..##### , ,
#......# , , ,
.#,*#...##.# ,, , ,
* * ...##...##.# , ,
#.......##.# , ,
#...#.##.# ,,
,#†.@##.######### ,
*
...(†.#B............
.#.#.
#..#.....#...** * ,
, .. ,#..#.....# .#
#..#.....###* , , .
, #..#.....'.# , * ,
* ,#..#.....#######,
, , ####...........#
........####.##


You could see a giant cockroach.

Vanquished Creatures
  A dart slug (D:1)
  A giant cockroach (D:1)
  A frilled lizard (D:1)
3 creatures vanquished.

Notes
Turn   | Place    | Note
-------+----------+-------------------------------------------
     0 | D:1      | sentinel the Meteoran Earth Elementalist began the quest
                  | for the Orb.
     0 | D:1      | Reached XP level 1. HP: 14/14 MP: 5/5
    47 | D:1      | Reached skill level 4 in Earth Magic
    47 | D:1      | Reached XP level 2. HP: 20/20 MP: 0/6
    58 | D:1      | Quit the game

Illustrated notes

Levels and vault maps discovered:
D:1:      lemuel_arrival_behind_the_door_large, layout_basic,
          nicolae_kite_square_tiling_tiny, nrook_mini_vaults,
          chequers_serial_rivers_marsh, interstate_on_off

Skill      XL: |  1 |
---------------+----+-----
Earth Magic    | 4 |  4.1
Dodging        | |  2.4
Stealth        | |  1.4
Spellcasting   | |  2.6
Transmutations | |  1.2

Action                   || total
-------------------------++-------
Melee: Unarmed           ||    16
 Cast: Sandblast         ||     7
Armor: Robe              ||     6
Dodge: Dodged            ||    22
